AoeStats
← cfosorioq

Arena

509367434Analyzed
1v1 RM · 6d ago on Sep 26, 2026· 50m 8s· 2 players
Game mode
Random Map
Map size
Tiny (2 player)
Population
200
Speed
Normal
Resources
Standard
Victory
Conquest
Starting age
Dark Age
Ending age
Imperial Age
RankedLock teamsTeams togetherTeam positionsShared explorationLock speedFull tech treeHidden civsTurbo modeCheats
Victory
Defeat
🇨🇴 Varangians · Colombia
1034
+16
🇲🇾 Vietnamese · Malaysia
1031
-16
Arvolen
2:25 Loom
10:33 Feudal Age
14:39 Castle Age
12:47 Double-Bit Axe
13:11 Horse Collar
13:23 Loom
15:44 Bow Saw
21:08 Gold Mining
25:01 Fletching
27:56 Wheelbarrow
28:57 Hand Cart
31:36 Imperial Age
29:36 Stone Mining
30:02 Bodkin Arrow
30:08 Padded Archer Armor
32:19 Chatras
32:33 Squires
32:49 Pikeman
35:45 Bloodlines
35:35 Husbandry
36:13 Halberdier
38:28 Chemistry
38:07 Ballistics
37:36 Cavalier
39:31 Bracer
39:46 Leather Archer Armor
39:37 Scale Barding Armor
39:42 Forging
42:57 Light Cavalry
44:56 Elite Rattan Archer
cfosorioq
10:30 Feudal Age
11:56 Loom
14:34 Castle Age
13:05 Double-Bit Axe
20:06 Bow Saw
20:20 Town Watch
24:57 Stone Mining
27:32 Wheelbarrow
27:53 Horse Collar
32:09 Imperial Age
29:30 Town Watch
30:54 Heavy Plow
31:14 Hand Cart
31:40 Gold Mining
32:28 Stone Shaft Mining
33:37 Bloodlines
33:36 Cavalier
34:54 Forging
34:49 Scale Barding Armor
37:12 Iron Casting
36:37 Scale Mail Armor
36:47 Onager
36:59 Elite Varangian Guard
37:46 Husbandry
39:32 Chain Barding Armor
40:13 Blast Furnace
40:40 Two-Man Saw
44:47 Chain Mail Armor
45:07 Plate Barding Armor
44:33 Gothikon
46:25 Siege Engineers
47:21 Chemistry
49:19 Gambesons
50:19 Plate Mail Armor
Connection lost

Rejoining the realm…

Still unreachable

The connection could not be restored.

Session expired

The server has moved on; the page needs a fresh start.